 Dungeon Crawl Stone Soup version 0.30-a0-165-g1891117ce2 (webtiles) character file.

Game seed: 15429465056336188828

2926 qw the Cleaver (level 9, -3/56 HPs)
             Began as a Gargoyle Fighter on Sept 28, 2022.
             Was a Follower of Okawaru.
             Engulfed by a cloud of flame (7 damage)
             ... on level 8 of the Dungeon.
             The game lasted 00:03:26 (8477 turns).

qw the Cleaver (Gargoyle Fighter)                   Turns: 8477, Time: 00:03:27

Health: -3/56      AC: 21    Str: 24    XL:     9   Next: 79%
Magic:  11/11      EV:  6    Int:  9    God:    Okawaru [*.....]
Gold:   335        SH:  9    Dex:  9    Spells: 8/8 levels left

rFire   + . .      SeeInvis .    t - +3 war axe
rCold   + . .      Faith    .    c - +0 buckler
rNeg    + . .      Spirit   .    k - +0 plate armour
rPois   inf        Reflect  +    m - +0 helmet
rElec   +          Harm     .    (no cloak)
rCorr   .          Rampage  .    (no gloves)
Will    .....                    a - +0 pair of boots
Stlth   ..........               n - amulet of reflection
HPRegen 0.18/turn                Y - ring of protection from fire
MPRegen 0.12/turn                w - ring of protection from cold

@: no status effects
A: sickness immunity, AC +6, negative energy resistance 1, electricity
resistance, torment resistance 1, petrification resistance
a: Renounce Religion, Heroism


You were on level 8 of the Dungeon.
You worshipped Okawaru.
Okawaru was aware of your devotion.
You visited 1 branch of the dungeon, and saw 8 of its levels.

You collected 335 gold pieces.


Innate Abilities, Weirdness & Mutations

You are immune to sickness and miasma.
Your stone body is resilient. (AC +6)
You are immune to poison.
You resist negative energy. (rN+)
You are resistant to electric shocks. (rElec)
You are resistant to unholy torment.
You are immune to petrification.


   Skills:
 + Level 6.6 Fighting
 - Level 9.5 Axes
 - Level 6.0 Armour
 - Level 1.2 Dodging
 - Level 4.3 Shields
 + Level 3.7 Invocations


You had 8 spell levels left.
You didn't know any spells.
Your spell library was empty.

Inventory:

Hand Weapons
 t - a +3 war axe (weapon)
 u - a -2 morningstar
Armour
 a - a +0 pair of boots (worn)
 c - a +0 buckler (worn)
 k - a +0 plate armour (worn)
 m - a +0 helmet (worn)
Jewellery
 n - an amulet of reflection (around neck)
 v - a ring of protection from fire
 w - a ring of protection from cold (right hand)
 Y - a ring of protection from fire (left hand)
Scrolls
 p - a scroll of identify
 q - 2 scrolls of teleportation
Potions
 b - 4 potions of lignification
 d - 3 potions of might
 e - 2 potions of cancellation
 f - a potion of attraction
 g - a potion of haste
 h - a potion of invisibility {unknown}
 i - 2 potions of curing
 j - a potion of mutation {unknown}
 l - a potion of degeneration {unknown}
 s - a potion of heal wounds

Dungeon Overview and Level Annotations

Branches:
Dungeon (8/15)             Temple (0/1) D:7
   Lair: D:8-11

Altars:
Cheibriados
Elyvilon
Fedhas
Gozag
Nemelex Xobeh
Okawaru
Qazlal
Uskayaw
Vehumet
Wu Jian

Shops:
D:3 [

Annotations:
D:3 3 runed translucent doors, qw's ghost, weakling GrFi
D:5 2 runed translucent doors, qw's ghost, amateur GrFi


Message History

You're standing in a cloud of flame!
8444 ||| DROPPING ring of fire.
You drop a ring of fire.
You are engulfed in blazing flames.
You resist.
You're standing in a cloud of flame!
8445 ||| UPGRADING to ring of protection from fire.
v - a ring of protection from fire (right hand)
You are engulfed in blazing flames.
You resist.
You're standing in a cloud of flame!
8446 ||| UPGRADING to ring of protection from cold.
You remove your ring of protection from fire.
You are engulfed in blazing flames.
You resist.
w - a ring of protection from cold (right hand)
You are engulfed in blazing flames.
You resist.
You're standing in a cloud of flame!
You are engulfed in blazing flames.
You resist.
You're standing in a cloud of flame!
You are engulfed in blazing flames.
You resist.
You're standing in a cloud of flame!
You are engulfed in blazing flames.
You resist.
You're standing in a cloud of flame!
You are engulfed in blazing flames.
You resist.
You're standing in a cloud of flame!
You are engulfed in blazing flames.
You resist.
You're standing in a cloud of flame!
You are engulfed in blazing flames.
You resist.
You're standing in a cloud of flame!
You are engulfed in blazing flames.
You resist.
You're standing in a cloud of flame!
You are engulfed in blazing flames.
You resist.
You start resting.
You're standing in a cloud of flame!
You're standing in a cloud of flame!
You are engulfed in blazing flames.
You resist.
You start resting.
You're standing in a cloud of flame!
You're standing in a cloud of flame!
You are engulfed in blazing flames.
You resist.
You're standing in a cloud of flame!
You are engulfed in blazing flames.
You resist.
You die...

######
#########....#
#...00@00....##
...####¤####...#
#¤# #.#.#########
#¤# #............
######0#######....
#8#.¤00#######.###
#######.........#
##¤## #.#########
#. #.#


There were no monsters in sight!

Vanquished Creatures
  Pikel (D:6)
  Prince Ribbit (D:7)
  A steam dragon (D:6)
  Menkaure (D:7)
  A water moccasin (D:7)
  An orc warrior (D:6)
  A sky beast (D:6)
  A black bear (D:7)
  An ice beast (D:7)
  An ogre (D:5)
  3 lemures (D:6)
  A kobold brigand (D:7)
  2 phantoms
  A necrophage (D:6)
  3 scorpions (D:4)
  3 wights (D:6)
  4 hounds
  2 jellies
  2 gnoll boudas
  5 orc priests
  Terence (D:3)
  Ijyb (D:4)
  4 orc wizards
  8 gnolls
  9 adders
  A white imp (D:5)
  3 worms
  3 dart slugs
  23 orcs
  18 endoplasms
  6 giant cockroaches
  9 goblins
  10 hobgoblins
  13 jackals
  11 kobolds
  8 quokkas
  9 ball pythons
  17 bats
  2 frilled lizards (D:1)
  5 rats (D:1)
197 creatures vanquished.

Vanquished Creatures (others)
  4 fungi (D:4)
4 creatures vanquished.

Grand Total: 201 creatures vanquished

Notes
Turn   | Place    | Note
-------+----------+-------------------------------------------
     0 | D:1      | qw the Gargoyle Fighter began the quest for the Orb.
     0 | D:1      | Reached XP level 1. HP: 14/14 MP: 1/1
     0 | D:1      | 0 ||| qw: Version: 0.2-a-12-gaebbb33
     0 | D:1      | 0 ||| qw: Game counter: 762
     0 | D:1      | 0 ||| qw: Always use a shield: true
     0 | D:1      | 0 ||| qw: God list: Okawaru
     0 | D:1      | 0 ||| qw: Allow faded altars: false
     0 | D:1      | 0 ||| qw: Do Orc after D:15 true
     0 | D:1      | 0 ||| qw: Do second Lair branch before Depths: true
     0 | D:1      | 0 ||| qw: Lair rune preference: random
     0 | D:1      | 0 ||| qw: Plans: Normal, Zot:1-4, God:TSO, Crypt, Tomb,
                  | Pan, Slime:5, Hells, Abyss, Orb
     0 | D:1      | 0 ||| PLANNING D:1-11
    55 | D:1      | 55 ||| Stepping ~*~*~tactically~*~*~ (hiding).
    62 | D:1      | Reached skill level 2 in Axes
   185 | D:1      | 185 ||| Stepping randomly (stuck).
   193 | D:1      | Reached XP level 2. HP: 19/19 MP: 2/2
   270 | D:1      | 270 ||| Stepping ~*~*~tactically~*~*~ (stealth).
   457 | D:1      | Reached skill level 3 in Axes
   557 | D:1      | Reached XP level 3. HP: 23/23 MP: 3/3
   578 | D:1      | 578 ||| Stepping ~*~*~tactically~*~*~ (hiding).
   753 | D:1      | 753 ||| DROPPING +0 club.
   756 | D:1      | 756 ||| Stepping ~*~*~tactically~*~*~ (stealth).
   758 | D:1      | 758 ||| Stepping ~*~*~tactically~*~*~ (stealth).
   818 | D:1      | Found a faded altar of an unknown god.
  1158 | D:1      | 1158 ||| Stepping ~*~*~tactically~*~*~ (stealth).
  1160 | D:1      | 1160 ||| Stepping ~*~*~tactically~*~*~ (stealth).
  1208 | D:1      | 1208 ||| UPGRADING to +0 helmet.
  1213 | D:1      | 1213 ||| UPGRADING to +0 chain mail.
  1223 | D:1      | 1223 ||| DROPPING +0 scale mail.
  1224 | D:1      | 1224 ||| READING scroll labelled APILEZ ATWE.
  1229 | D:1      | 1229 ||| READING 2 scrolls labelled QIBILO SAXZAE.
  1230 | D:1      | 1230 ||| READING scroll of enchant weapon.
  1230 | D:1      | 1230 ||| ENCHANTING +1 war axe.
  1231 | D:1      | 1231 ||| READING scroll labelled FEKHLI XUOLIPUS.
  1232 | D:1      | 1232 ||| READING 2 scrolls labelled REMEON KUDIOD.
  1233 | D:1      | 1233 ||| READING scroll labelled CIRGHY OQICOI.
  1234 | D:1      | 1234 ||| READING scroll labelled LOEMPE SIETZ.
  1335 | D:1      | 1335 ||| DRINKING 3 emerald potions.
  1474 | D:2      | 1474 ||| Stepping ~*~*~tactically~*~*~ (stealth).
  1590 | D:2      | Found a radiant altar of Vehumet.
  1617 | D:2      | Reached XP level 4. HP: 28/28 MP: 4/4
  1717 | D:2      | Reached skill level 4 in Axes
  2140 | D:2      | 2140 ||| DROPPING +6 ring of intelligence.
  2141 | D:2      | 2141 ||| DRINKING 2 yellow potions.
  2142 | D:2      | 2142 ||| DRINKING 2 red potions.
  2143 | D:2      | 2143 ||| READING 4 scrolls of identify.
  2143 | D:2      | 2143 ||| IDENTIFYING smoky grey potion
  2144 | D:2      | 2144 ||| READING 3 scrolls of identify.
  2144 | D:2      | 2144 ||| IDENTIFYING sedimented green potion
  2145 | D:2      | 2145 ||| READING 2 scrolls of identify.
  2145 | D:2      | 2145 ||| IDENTIFYING lumpy yellow potion
  2146 | D:2      | 2146 ||| DROPPING potion of brilliance.
  2147 | D:2      | 2147 ||| DROPPING potion of ambrosia.
  2183 | D:3      | Found Umual's Armour Shoppe.
  2227 | D:3      | Found a runed translucent gate.
  2227 | D:3      | Found a runed translucent gate.
  2227 | D:3      | Found a runed translucent gate.
  2238 | D:3      | 2238 ||| Stepping ~*~*~tactically~*~*~ (stealth).
  2268 | D:3      | 2268 ||| Stepping ~*~*~tactically~*~*~ (stealth).
  2293 | D:3      | 2293 ||| Stepping ~*~*~tactically~*~*~ (stealth).
  2322 | D:3      | 2322 ||| Stepping ~*~*~tactically~*~*~ (stealth).
  2324 | D:3      | 2324 ||| Stepping ~*~*~tactically~*~*~ (stealth).
  2571 | D:3      | 2571 ||| Stepping ~*~*~tactically~*~*~ (stealth).
  2590 | D:3      | 2590 ||| Stepping ~*~*~tactically~*~*~ (stealth).
  2729 | D:3      | Noticed qw's ghost (weakling GrFi)
  2744 | D:3      | Noticed Terence
  2748 | D:3      | Reached XP level 5. HP: 28/32 MP: 5/5
  2753 | D:3      | Killed Terence
  2893 | D:3      | 2893 ||| DROPPING +0 mace.
  3054 | D:3      | Reached skill level 5 in Axes
  3497 | D:3      | 3497 ||| UPGRADING to +0 plate armour.
  3507 | D:3      | 3507 ||| DROPPING +0 chain mail.
  3508 | D:3      | 3508 ||| DRINKING 2 sedimented ruby potions.
  3616 | D:4      | 3616 ||| Stepping ~*~*~tactically~*~*~ (stealth).
  3633 | D:4      | 3633 ||| Stepping ~*~*~tactically~*~*~ (stealth).
  3643 | D:4      | Reached XP level 6. HP: 38/38 MP: 6/6
  3670 | D:4      | Noticed Ijyb
  3672 | D:4      | 3672 ||| Stepping ~*~*~tactically~*~*~ (hiding).
  3683 | D:4      | Killed Ijyb
  3871 | D:4      | Reached skill level 6 in Axes
  4111 | D:4      | Reached XP level 7. HP: 43/43 MP: 7/7
  4281 | D:4      | 4281 ||| Stepping ~*~*~tactically~*~*~ (stealth).
  4295 | D:4      | 4295 ||| DROPPING +0 flail.
  4534 | D:4      | 4534 ||| UPGRADING to ring of protection from fire.
  4535 | D:4      | 4535 ||| READING 2 scrolls labelled JAKLESTR WYKHAI.
  4536 | D:4      | 4536 ||| DRINKING 4 cyan potions.
  4537 | D:4      | 4537 ||| DROPPING 3 potions of magic.
  4538 | D:4      | 4538 ||| DROPPING scroll of poison.
  4563 | D:5      | Entered Level 5 of the Dungeon
  4567 | D:5      | 4567 ||| FLEEEEING.
  4568 | D:5      | 4568 ||| FLEEEEING.
  4569 | D:5      | 4569 ||| Stepping ~*~*~tactically~*~*~ (hiding).
  4607 | D:5      | Found a stormy altar of Qazlal.
  4663 | D:5      | Found a large runed translucent door.
  4663 | D:5      | Found a large runed translucent door.
  4677 | D:5      | Reached skill level 7 in Axes
  4702 | D:5      | Noticed qw's ghost (amateur GrFi)
  5344 | D:5      | 5344 ||| READING scroll labelled ZAOHODUSHEILO.
  5345 | D:5      | 5345 ||| DRINKING 2 coppery potions.
  5450 | D:5      | 5450 ||| DROPPING potion of berserk rage.
  5457 | D:6      | 5457 ||| PLANNING SEWER
  5470 | D:6      | 5470 ||| Stepping ~*~*~tactically~*~*~ (hiding).
  5484 | D:6      | Reached skill level 1 in Dodging
  5484 | D:6      | Reached XP level 8. HP: 29/49 MP: 8/8
  5677 | D:6      | Found an iron altar of Okawaru.
  5680 | D:6      | Found a hide-covered altar of Uskayaw.
  5714 | D:6      | Reached skill level 8 in Axes
  5819 | D:6      | Reached skill level 6 in Fighting
  5857 | D:6      | 5857 ||| FLEEEEING.
  5863 | D:6      | 5863 ||| FLEEEEING.
  5872 | D:6      | 5872 ||| FLEEEEING.
  5873 | D:6      | 5873 ||| FLEEEEING.
  5874 | D:6      | 5874 ||| FLEEEEING.
  5875 | D:6      | 5875 ||| FLEEEEING.
  5883 | D:6      | 5883 ||| FLEEEEING.
  5884 | D:6      | 5884 ||| FLEEEEING.
  5885 | D:6      | 5885 ||| FLEEEEING.
  5890 | D:6      | 5890 ||| FLEEEEING.
  5891 | D:6      | 5891 ||| FLEEEEING.
  5892 | D:6      | 5892 ||| FLEEEEING.
  5893 | D:6      | 5893 ||| FLEEEEING.
  5894 | D:6      | 5894 ||| FLEEEEING.
  5895 | D:6      | 5895 ||| FLEEEEING.
  5896 | D:6      | 5896 ||| FLEEEEING.
  5897 | D:6      | 5897 ||| FLEEEEING.
  5898 | D:6      | 5898 ||| FLEEEEING.
  5902 | D:6      | 5902 ||| FLEEEEING.
  5903 | D:6      | 5903 ||| FLEEEEING.
  5904 | D:6      | 5904 ||| FLEEEEING.
  5905 | D:6      | 5905 ||| FLEEEEING.
  5906 | D:6      | 5906 ||| FLEEEEING.
  5908 | D:6      | 5908 ||| FLEEEEING.
  5909 | D:6      | 5909 ||| FLEEEEING.
  5910 | D:6      | 5910 ||| FLEEEEING.
  5911 | D:6      | 5911 ||| FLEEEEING.
  5912 | D:6      | 5912 ||| FLEEEEING.
  5913 | D:6      | 5913 ||| FLEEEEING.
  5914 | D:6      | 5914 ||| FLEEEEING.
  5916 | D:6      | 5916 ||| FLEEEEING.
  5917 | D:6      | 5917 ||| FLEEEEING.
  5925 | D:6      | 5925 ||| FLEEEEING.
  5928 | D:6      | 5928 ||| STAIRDANCE
  5966 | D:5      | 5966 ||| UPGRADING to +0 pair of boots.
  6229 | D:6      | 6229 ||| RIP SEWER
  6230 | D:6      | 6230 ||| PLANNING OKAWARU WORSHIP
  6230 | D:6      | 6230 ||| FLEEEEING.
  6252 | D:6      | 6252 ||| FLEEEEING.
  6253 | D:6      | 6253 ||| FLEEEEING.
  6254 | D:6      | 6254 ||| SWAPPING to +3 war axe.
  6263 | D:6      | 6263 ||| DROPPING +2 war axe.
  6270 | D:6      | 6270 ||| FLEEEEING.
  6271 | D:6      | 6271 ||| FLEEEEING.
  6272 | D:6      | 6272 ||| FLEEEEING.
  6273 | D:6      | 6273 ||| FLEEEEING.
  6274 | D:6      | 6274 ||| FLEEEEING.
  6275 | D:6      | 6275 ||| FLEEEEING.
  6277 | D:6      | 6277 ||| FLEEEEING.
  6278 | D:6      | 6278 ||| FLEEEEING.
  6281 | D:6      | 6281 ||| FLEEEEING.
  6282 | D:6      | 6282 ||| FLEEEEING.
  6283 | D:6      | 6283 ||| FLEEEEING.
  6284 | D:6      | 6284 ||| FLEEEEING.
  6285 | D:6      | 6285 ||| FLEEEEING.
  6294 | D:6      | 6294 ||| FLEEEEING.
  6295 | D:6      | 6295 ||| FLEEEEING.
  6297 | D:6      | 6297 ||| FLEEEEING.
  6298 | D:6      | 6298 ||| FLEEEEING.
  6299 | D:6      | 6299 ||| FLEEEEING.
  6300 | D:6      | 6300 ||| FLEEEEING.
  6301 | D:6      | 6301 ||| FLEEEEING.
  6302 | D:6      | 6302 ||| FLEEEEING.
  6313 | D:6      | 6313 ||| FLEEEEING.
  6314 | D:6      | 6314 ||| FLEEEEING.
  6315 | D:6      | 6315 ||| FLEEEEING.
  6316 | D:6      | 6316 ||| FLEEEEING.
  6317 | D:6      | 6317 ||| FLEEEEING.
  6318 | D:6      | 6318 ||| FLEEEEING.
  6324 | D:6      | 6324 ||| FLEEEEING.
  6328 | D:6      | 6328 ||| FLEEEEING.
  6333 | D:6      | 6333 ||| FLEEEEING.
  6334 | D:6      | 6334 ||| FLEEEEING.
  6335 | D:6      | 6335 ||| FLEEEEING.
  6345 | D:6      | 6345 ||| FLEEEEING.
  6346 | D:6      | 6346 ||| FLEEEEING.
  6354 | D:6      | 6354 ||| STAIRDANCE
  6416 | D:6      | Became a worshipper of Warmaster Okawaru
  6417 | D:6      | 6417 ||| PLANNING D:1-11
  6474 | D:6      | 6474 ||| Stepping ~*~*~tactically~*~*~ (hiding).
  6479 | D:6      | 6479 ||| Stepping ~*~*~tactically~*~*~ (hiding).
  6505 | D:6      | HP: 7/51 [orc warrior/+0 glaive (7)]
  6506 | D:6      | 6506 ||| READING 2 scrolls of teleportation.
  6507 | D:6      | 6507 ||| DRINKING 2 potions of heal wounds.
  6682 | D:6      | 6682 ||| Stepping ~*~*~tactically~*~*~ (hiding).
  6914 | D:6      | Noticed Pikel
  6917 | D:6      | 6917 ||| Stepping ~*~*~tactically~*~*~ (stealth).
  6919 | D:6      | 6919 ||| Stepping ~*~*~tactically~*~*~ (stealth).
  6921 | D:6      | 6921 ||| Stepping ~*~*~tactically~*~*~ (stealth).
  6934 | D:6      | HP: 10/51 [lemure[Pikel] (4)]
  6935 | D:6      | 6935 ||| READING scroll of teleportation.
  6936 | D:6      | 6936 ||| DRINKING potion of heal wounds.
  6972 | D:6      | 6972 ||| FLEEEEING.
  6973 | D:6      | 6973 ||| FLEEEEING.
  6977 | D:6      | Killed Pikel
  6978 | D:6      | Reached skill level 9 in Axes
  6978 | D:6      | Reached XP level 9. HP: 42/55 MP: 9/9
  7177 | D:7      | 7177 ||| Stepping ~*~*~tactically~*~*~ (hiding).
  7283 | D:7      | Found a white marble altar of Elyvilon.
  7306 | D:7      | Reached * piety under Okawaru
  7356 | D:7      | Found a blossoming altar of Fedhas.
  7359 | D:7      | Found an ornate altar of the Wu Jian Council.
  7363 | D:7      | Found a snail-covered altar of Cheibriados.
  7443 | D:7      | Found an opulent altar of Gozag.
  7490 | D:7      | 7490 ||| INVOKING Heroism.
  7495 | D:7      | 7495 ||| Stepping ~*~*~tactically~*~*~ (hiding).
  7498 | D:7      | Reached skill level 1 in Invocations
  7516 | D:7      | Found a staircase to the Ecumenical Temple.
  7547 | D:7      | Found a sparkling altar of Nemelex Xobeh.
  7746 | D:7      | Noticed Menkaure
  7747 | D:7      | 7747 ||| INVOKING Heroism.
  7751 | D:7      | Killed Menkaure
  7907 | D:7      | 7907 ||| INVOKING Heroism.
  7922 | D:7      | 7922 ||| INVOKING Heroism.
  7931 | D:7      | Reached skill level 6 in Armour
  7975 | D:7      | Noticed Prince Ribbit
  7976 | D:7      | 7976 ||| INVOKING Heroism.
  7986 | D:7      | Reached skill level 3 in Invocations
  7999 | D:7      | 7999 ||| INVOKING Heroism.
  8009 | D:7      | Killed Prince Ribbit
  8202 | D:7      | 8202 ||| UPGRADING to amulet of reflection.
  8207 | D:7      | 8207 ||| READING scroll labelled TASYUG SOC QAME.
  8208 | D:7      | 8208 ||| READING scroll labelled ZENEOTH ESTRY.
  8209 | D:7      | 8209 ||| READING 2 scrolls of identify.
  8209 | D:7      | 8209 ||| IDENTIFYING ruby potion
  8239 | D:8      | 8239 ||| PLANNING OSSUARY
  8443 | D:8      | 8443 ||| DROPPING orb of light.
  8444 | D:8      | 8444 ||| DROPPING ring of fire.
  8445 | D:8      | 8445 ||| UPGRADING to ring of protection from fire.
  8446 | D:8      | 8446 ||| UPGRADING to ring of protection from cold.
  8453 | D:8      | HP: 8/56 [something (9)]
  8455 | D:8      | HP: 2/56 [something (4)]
  8476 | D:8      | HP: 4/56 [something (2)]
  8477 | D:8      | Engulfed by a cloud of flame

Levels and vault maps discovered:
D:1:      erik_arrival_cave_to_civilisation [erik_arrival_cave_to_hall],
          layout_basic, hellmonk_ecumenical_altar_prayer_group
D:2:      layout_loops_ring, basic_altar
D:3:      layout_basic, gammafunk_ghost_necromancy, serial_shops, shop,
          uniq_terence
D:4:      old_forge, layout_basic, uniq_ijyb
D:5:      layout_rooms, mainiacjoe_overflow_paths, ebering_ghost_disaster_area
D:6:      layout_basic, okawaru_metal_pillars_1_2, kennysheep_mini_moat,
          portal_sewer_entry_f, uniq_pikel
D:7:      layout_loops_corners, mainiacjoe_overflow_tiny_flanked,
          kennysheep_mini, elyvilon_altar_4, grunt_temple_overflow_diamond,
          minmay_temple_entry_slanted, uniq_prince_ribbit1, uniq_menkaure
D:8:      layout_loops_ring, brannock_xom_greatest_gift, enter_bailey_4,
          gup_ossuary_entry_pyramid, lemuel_flamethrower_2

Skill      XL: |  1  2  3  4  5  6  7  8  9 |
---------------+----------------------------+-----
Axes           | 2 3 4 5 6 7 9 |  9.5
Fighting       | 4 5 6 |  6.6
Armour         | 4 5 6 |  6.0
Dodging        | 1 |  1.2
Shields        | 4 |  4.3
Invocations    | 3 |  3.7

Action                   |  1- 3 |  4- 6 |  7- 9 || total
-------------------------+-------+-------+-------++-------
Melee: War axe           |   114 |   169 |   316 ||   599
Invok: Heroism           |       |       |     6 ||     6
  Use: Scroll            |     7 |     3 |     7 ||    17
       Potion            |     1 |     3 |     4 ||     8
 Stab: Held in net/web   |       |       |     1 ||     1
Armor: Scale mail        |    53 |       |       ||    53
       Chain mail        |     7 |    72 |       ||    79
       Plate armour      |       |    37 |   245 ||   282
Dodge: Dodged            |    49 |    45 |    79 ||   173
Block: Buckler           |    19 |    27 |    59 ||   105

Table legend:
 A = Non-vault XP
 B = Vault XP
 C = Vault XP percentage of total XP
 D = Non-vault monster count
 E = Vault monster count
 F = Vault count percentage of total count
                 A         B        C        D         E       F
            +---------+---------+-------+---------+---------+-------
      Total |    2818 |    1363 |  32.6 |     165 |      29 |  14.9
            +---------+---------+-------+---------+---------+-------
        D:1 |      53 |       9 |  14.5 |      31 |       5 |  13.9
        D:2 |      54 |       0 |   0.0 |      21 |       0 |   0.0
        D:3 |     103 |      38 |  27.0 |      34 |       1 |   2.9
        D:4 |     327 |     264 |  44.7 |      19 |      15 |  44.1
        D:5 |     283 |       0 |   0.0 |       6 |       0 |   0.0
        D:6 |    1152 |     625 |  35.2 |      28 |       5 |  15.2
        D:7 |     846 |     427 |  33.5 |      26 |       3 |  10.3
            +---------+---------+-------+---------+---------+-------
